 Dungeon Crawl Stone Soup version 0.23.2-40-g277498a001 (webtiles) character file.

Game seed: 16134546465846771805

200 Frank2 the Chopper (level 5, -1/41 HPs)
             Began as a Demigod Gladiator on Sept 16, 2019.
             Slain by a river rat (7 damage)
             ... on level 3 of the Dungeon.
             The game lasted 00:02:56 (1614 turns).

Frank2 the Chopper (Demigod Gladiator)              Turns: 1614, Time: 00:02:56

Health: -1/41      AC:  6    Str: 17    XL:     5   Next: 24%
Magic:  7/7        EV: 13    Int: 12    God:
Gold:   111        SH:  0    Dex: 19    Spells: 4/4 levels left

rFire    . . .     SeeInvis .   a - +0 war axe
rCold    . . .     Gourm    .   (no shield)
rNeg     . . .     Faith    .   i - +0 ring mail
rPois    .         Spirit   .   c - +0 helmet
rElec    .         Reflect  .   (no cloak)
rCorr    .         Harm     +   (no gloves)
MR       .....                  (no boots)
Stlth    +.........             k - amulet of harm
HPRegen  0.13/turn              (no ring)
MPRegen  0.10/turn              (no ring)

@: very slow
A: high mp 1
a: no special abilities


You were on level 3 of the Dungeon.
You were not hungry.

You visited 1 branch of the dungeon, and saw 3 of its levels.

You collected 111 gold pieces.

Inventory:

Hand Weapons
 a - a +0 war axe (weapon)
Missiles
 d - a throwing net (quivered)
Armour
 c - a +0 helmet (worn)
 i - a +0 ring mail (worn)
Jewellery
 k - an amulet of harm (around neck)
Wands
 j - a wand of clouds (9)
Scrolls
 b - a scroll of identify {unknown}
 g - a scroll of immolation
 m - a scroll of teleportation
 o - a scroll of amnesia {unknown}
 p - a scroll of enchant weapon {unknown}
Potions
 e - a potion of curing {unknown}
 h - a potion of cancellation {unknown}
 l - 2 potions of brilliance {unknown}
Comestibles
 f - 4 rations
 n - 8 chunks of flesh


   Skills:
 + Level 2.2 Fighting
 + Level 4.4 Axes
 - Level 1.7 Throwing
 * Level 2.0 Armour
 + Level 3.4 Dodging


You had 4 spell levels left.
You didn't know any spells.
Your spell library was empty.

Dungeon Overview and Level Annotations

Branches:
Dungeon (3/15)

Annotations:
D:3 1 runed translucent door, caleiya's ghost, amateur GrFi


Innate Abilities, Weirdness & Mutations

You have an increased reservoir of magic. (+10% MP)


Message History

You are too injured to fight recklessly!
You are too injured to fight recklessly!
You hit the river rat.
You kill the river rat!
Your Armour skill increases to level 2!
A river rat comes into view.
Your unstable footing causes you to fumble your attack.
The river rat completely misses you.
You hit the river rat but do no damage. The river rat bites you.
Your unstable footing causes you to fumble your attack.
The river rat barely misses you. The river rat bites you.
* * * LOW HITPOINT WARNING * * *
You barely miss the river rat. The river rat completely misses you.
Your unstable footing causes you to fumble your attack.
The river rat closely misses you.
You hit the river rat but do no damage. The river rat bites you.
* * * LOW HITPOINT WARNING * * *
Your unstable footing causes you to fumble your attack.
The river rat bites you.
You die...

#.........#.##.......
#######.###.###.#.#.#
#####.###.##.††....
#..........##.#.#.#
#....†..........###
#..≈≈≈≈≈.≈...####
#####≈#≈#≈≈#(#
#≈≈≈≈≈≈≈≈≈((# #####
#@#########.######
####...## #≈r≈≈≈≈#
#......(
.<#.###.###########≈#≈#
##.###### ...##
##.......# # #.#...#
#.## ##.###### ##.##.#
†.# #.# ####.## #†##
##.# #..># #†)## ##.##
#...#. ....###.########
#...#.


You could see a river rat.

Vanquished Creatures
  Terence (D:2)
  8 adders
  A river rat (D:3)
  An ooze (D:3)
  5 worms
  A dart slug (D:3)
  2 leopard geckos
  An orc (D:3)
  4 bats
  11 giant cockroaches
  5 hobgoblins (D:1)
  6 jackals (D:3)
  12 kobolds
  3 quokkas
  3 frilled lizards (D:1)
  5 goblins
  4 rats
73 creatures vanquished.

Notes
Turn   | Place    | Note
-------+----------+-------------------------------------------
     0 | D:1      | Frank2 the Demigod Gladiator began the quest for the Orb.
     0 | D:1      | Reached XP level 1. HP: 17/17 MP: 3/3
   121 | D:1      | Reached XP level 2. HP: 17/24 MP: 4/4
   162 | D:1      | Reached skill level 3 in Axes
   594 | D:2      | Reached XP level 3. HP: 21/29 MP: 5/5
   628 | D:2      | Reached skill level 1 in Armour
   778 | D:2      | Noticed Terence
   790 | D:2      | Killed Terence
  1021 | D:2      | Reached XP level 4. HP: 33/36 MP: 6/6
  1286 | D:3      | Found a runed translucent door.
  1312 | D:3      | Noticed a bullfrog
  1312 | D:3      | Noticed caleiya's ghost (amateur GrFi)
  1340 | D:3      | Reached skill level 4 in Axes
  1524 | D:3      | Reached XP level 5. HP: 30/41 MP: 7/7
  1560 | D:3      | Found a glowing golden altar of the Shining One.
  1614 | D:3      | Slain by a river rat

Skill      XL: |  1  2  3  4  5 |
---------------+----------------+-----
Axes           | 3 4 |  4.4
Dodging        | 3 |  3.4
Fighting       | 2 |  2.2
Armour         | 1 2 |  2.0
Throwing       | |  1.7

Action                   |  1- 3 |  4- 6 || total
-------------------------+-------+-------++-------
Melee: War axe           |    94 |   109 ||   203
Throw: Throwing net      |     2 |       ||     2
  Use: Scroll            |       |     2 ||     2
 Stab: Sleeping          |     2 |       ||     2
       Held in net/web   |     1 |       ||     1
  Eat: Chunk             |       |     3 ||     3
Armor: Leather armour    |     8 |       ||     8
       Ring mail         |    22 |    40 ||    62
Dodge: Dodged            |    63 |    91 ||   154
